TOP OF THE 1ST |
Casper Ghosts batting - Pitching for Athletic Club KC Academy : LHP Xavier Navarro
|
Pitching: LHP Xavier Navarro
|
|
Batting: LHB Kyle Mann
|
0-0: Ball 1-0: Foul Ball, location: 2F 1-1: Foul Ball, location: 2F 1-2: Foul Ball, location: 2F 1-2: Foul Ball, location: 2F 1-2: Strikes out swinging
|
Batting: RHB Warner Robinson
|
0-0: Ball 1-0: Ball 2-0: Fly out, F8 (Flyball, 8RD)
|
Batting: RHB Félix Ramos
|
0-0: Ball 1-0: Called Strike 1-1: SINGLE (Line Drive, 7LS)
|
Batting: RHB Ron Coffman
|
0-0: Ball 1-0: Swinging Strike 1-1: Swinging Strike 1-2: Ball 2-2: Ball 3-2: Base on Balls Félix Ramos to second
|
Batting: SHB Erjan Kerstens
|
0-0: Called Strike 0-1: Ball 1-1: Ball 2-1: Ball 3-1: Ground out 6-3 (Groundball, 6)
|
Top of the 1st over - 0 run(s), 1 hit(s), 0 error(s), 2 left on base; Casper 0 - Athletic Club KC Academy 0 |
BOTTOM OF THE 1ST |
Athletic Club KC Academy batting - Pitching for Casper Ghosts : RHP Jim Unknown
|
Pitching: RHP Jim Unknown
|
|
Batting: SHB António Montés
|
0-0: Called Strike 0-1: Swinging Strike 0-2: Ball 1-2: Foul Ball, location: 2F 1-2: Foul Ball, location: 2F 1-2: Ball 2-2: Ball 3-2: Ground out 4-3 (Groundball, 4S)
|
Batting: LHB Manuel Domínguez
|
0-0: Called Strike 0-1: Ball 1-1: Called Strike 1-2: Foul Ball, location: 2F 1-2: DOUBLE (Line Drive, 7LD)
|
Batting: RHB Geoff Rivers
|
0-0: Ball 1-0: Ball 2-0: Called Strike 2-1: SINGLE (Line Drive, 4D) Manuel Domínguez to third
|
Batting: SHB Fernando Luna
|
0-0: Ball 1-0: Ball 2-0: Foul Ball, location: 2F 2-1: Fly out, F8 (Flyball, 8RD) Runner from 3rd tags up, SCORES, no throw
|
Batting: RHB Maurice Quinn
|
0-0: Ball 1-0: Fly out, F8 (Flyball, 8RD)
|
Bottom of the 1st over - 1 run(s), 2 hit(s), 0 error(s), 1 left on base; Casper 0 - Athletic Club KC Academy 1 |
TOP OF THE 2ND |
Casper Ghosts batting - Pitching for Athletic Club KC Academy : LHP Xavier Navarro
|
Batting: RHB Anbrosio Oppenes
|
0-0: Ball 1-0: Swinging Strike 1-1: Ball 2-1: Ball 3-1: Foul Ball, location: 2F 3-2: Strikes out swinging
|
Batting: LHB Jim Unknown
|
0-0: Ball 1-0: Called Strike 1-1: Ball 2-1: Foul Ball, location: 2F 2-2: Foul Ball, location: 2F 2-2: Ground out 4-3 (Groundball, 4)
|
Batting: RHB Roberto De La Cruz
|
0-0: Fly out, F7 (Line Drive, 7LD)
|
Top of the 2nd over - 0 run(s), 0 hit(s), 0 error(s), 0 left on base; Casper 0 - Athletic Club KC Academy 1 |
BOTTOM OF THE 2ND |
Athletic Club KC Academy batting - Pitching for Casper Ghosts : RHP Jim Unknown
|
Batting: RHB Allen Williams
|
0-0: Fly out, F6 (Popup, 6MD)
|
Batting: RHB José Flores
|
0-0: Called Strike 0-1: Ground out 1-3 (Groundball, 23)
|
Batting: RHB Chris Teague
|
0-0: Called Strike 0-1: Ground out 5-3 (Groundball, 56)
|
Bottom of the 2nd over - 0 run(s), 0 hit(s), 0 error(s), 0 left on base; Casper 0 - Athletic Club KC Academy 1 |
TOP OF THE 3RD |
Casper Ghosts batting - Pitching for Athletic Club KC Academy : LHP Xavier Navarro
|
Batting: SHB Alonso Rodríguez
|
0-0: Foul Ball, location: 2F 0-1: Ball 1-1: Foul Ball, location: 2F 1-2: Ball Single, Error in OF, E7, batter to second base
|
Batting: LHB Kyle Mann
|
0-0: Ball 1-0: Called Strike 1-1: Ball 2-1: Foul Ball, location: 2F 2-2: Fly out, F9 (Flyball, 9M)
|
Batting: RHB Warner Robinson
|
0-0: Called Strike 0-1: Fly out, F2 (Popup, 2LF)
|
Batting: RHB Félix Ramos
|
0-0: Ball 1-0: Fly out, F3 (Popup, 3F)
|
Top of the 3rd over - 0 run(s), 1 hit(s), 1 error(s), 1 left on base; Casper 0 - Athletic Club KC Academy 1 |
BOTTOM OF THE 3RD |
Athletic Club KC Academy batting - Pitching for Casper Ghosts : RHP Jim Unknown
|
Batting: RHB Iván Chacón
|
0-0: Ball 1-0: Called Strike 1-1: SINGLE (Groundball, 5D)
|
Batting: SHB António Montés
|
0-0: Ball 1-0: Ball 2-0: Ball 3-0: Called Strike 3-1: Base on Balls Iván Chacón to second
|
Batting: LHB Manuel Domínguez
|
0-0: Ball 1-0: Called Strike 1-1: Called Strike 1-2: Foul Ball, location: 2F 1-2: Foul Ball, location: 2F 1-2: SINGLE (Line Drive, 8LS) Iván Chacón to third António Montés to second
|
Batting: RHB Geoff Rivers
|
0-0: Called Strike 0-1: Ball 1-1: SINGLE (Groundball, 13) (infield hit) Iván Chacón scores António Montés to third Manuel Domínguez to second
|
Batting: SHB Fernando Luna
|
0-0: Ball 1-0: Ball 2-0: Foul Ball, location: 2F 2-1: Ball 3-1: Fly out, F9 (Popup, 89S) Runner from 3rd tags up, SCORES, throw made
|
Batting: RHB Maurice Quinn
|
0-0: Called Strike 0-1: Foul Ball, location: 2F 0-2: Ball 1-2: Ball 2-2: Foul Ball, location: 2F 2-2: Fly out, F8 (Flyball, 8LD)
|
Batting: RHB Allen Williams
|
0-0: Called Strike 0-1: Foul Ball, location: 2F 0-2: Ball 1-2: Ball 2-2: Strikes out swinging
|
Bottom of the 3rd over - 2 run(s), 3 hit(s), 0 error(s), 2 left on base; Casper 0 - Athletic Club KC Academy 3 |
TOP OF THE 4TH |
Casper Ghosts batting - Pitching for Athletic Club KC Academy : LHP Xavier Navarro
|
Batting: RHB Ron Coffman
|
0-0: Called Strike 0-1: Ball 1-1: Ground out 5-3 (Groundball, 5S)
|
Batting: SHB Erjan Kerstens
|
0-0: Ball 1-0: Called Strike 1-1: Foul Ball, location: 2F 1-2: Ball 2-2: Ball 3-2: SINGLE (Groundball, 6)
|
Batting: RHB Anbrosio Oppenes
|
0-0: Ball 1-0: Grounds into double play, 6-4-3 (Groundball, 6M)
|
Top of the 4th over - 0 run(s), 1 hit(s), 0 error(s), 0 left on base; Casper 0 - Athletic Club KC Academy 3 |
BOTTOM OF THE 4TH |
Athletic Club KC Academy batting - Pitching for Casper Ghosts : RHP Jim Unknown
|
Batting: RHB José Flores
|
0-0: Called Strike 0-1: Ball 1-1: Ball 2-1: Fly out, F7 (Flyball, 78M)
|
Batting: RHB Chris Teague
|
0-0: Ball 1-0: Swinging Strike 1-1: Ball 2-1: Called Strike 2-2: Ball 3-2: Foul Ball, location: 2F 3-2: Foul Ball, location: 2F 3-2: Ground out 6-3 (Groundball, 6M)
|
Batting: RHB Iván Chacón
|
0-0: SOLO HOME RUN (Flyball, 78XD), Distance : 419 ft
|
Batting: SHB António Montés
|
0-0: Ball 1-0: Called Strike 1-1: Foul Ball, location: 2F 1-2: Ball 2-2: Ball 3-2: Strikes out swinging
|
Bottom of the 4th over - 1 run(s), 1 hit(s), 0 error(s), 0 left on base; Casper 0 - Athletic Club KC Academy 4 |
TOP OF THE 5TH |
Casper Ghosts batting - Pitching for Athletic Club KC Academy : LHP Xavier Navarro
|
Batting: LHB Jim Unknown
|
0-0: Foul Ball, location: 2F 0-1: Fly out, F8 (Line Drive, 8LD)
|
Batting: RHB Roberto De La Cruz
|
0-0: SINGLE (Line Drive, 8LS)
|
Batting: SHB Alonso Rodríguez
|
0-0: Swinging Strike 0-1: Hit by Pitch Roberto De La Cruz to second
|
Batting: LHB Kyle Mann
|
0-0: Foul Ball, location: 2F 0-1: Fly out, F8 (Flyball, 8LM)
|
Batting: RHB Warner Robinson
|
0-0: Called Strike 0-1: SINGLE (Groundball, 6MD) Roberto De La Cruz to third Alonso Rodríguez to second Runner from 3rd tries for Home, SAFE, no throw or cutoff
|
Batting: RHB Félix Ramos
|
0-0: Foul Ball, location: 2F 0-1: Foul Ball, location: 2F 0-2: Ball 1-2: Ball 2-2: Foul Ball, location: 2F 2-2: Ball 3-2: Base on Balls Alonso Rodríguez to third Warner Robinson to second
|
Batting: RHB Ron Coffman
|
0-0: Fielders Choice at 2nd, U6 (Groundball, 6M)
|
Top of the 5th over - 1 run(s), 2 hit(s), 0 error(s), 3 left on base; Casper 1 - Athletic Club KC Academy 4 |
BOTTOM OF THE 5TH |
Athletic Club KC Academy batting - Pitching for Casper Ghosts : RHP Jim Unknown
|
Batting: LHB Manuel Domínguez
|
0-0: Ball 1-0: Ball 2-0: Fly out, F8 (Flyball, 8LXD)
|
Batting: RHB Geoff Rivers
|
0-0: Ball 1-0: Ball 2-0: Called Strike 2-1: DOUBLE (Line Drive, 9LS)
|
Batting: SHB Fernando Luna
|
0-0: Ball 1-0: Ball 2-0: Ball 3-0: Called Strike 3-1: Called Strike 3-2: SINGLE (Flyball, 8RS) Geoff Rivers to third Runner from 3rd tries for Home, SAFE, throw made home
|
Batting: RHB Maurice Quinn
|
0-0: Foul Ball, location: 2F 0-1: Swinging Strike 0-2: Ball 1-2: Foul Ball, location: 2F 1-2: Strikes out swinging
|
Batting: RHB Allen Williams
|
0-0: Ball 1-0: Ball 2-0: Foul Ball, location: 2F 2-1: Called Strike 2-2: Ball 3-2: Reached on Error, E6 (Popup, 6D) Fernando Luna to second
|
Batting: RHB José Flores
|
0-0: Ball 1-0: Swinging Strike 1-1: Ball 2-1: Foul Ball, location: 2F 2-2: SINGLE (Groundball, 4MD) (infield hit) Fernando Luna to third Allen Williams to second
|
Batting: RHB Chris Teague
|
0-0: Swinging Strike 0-1: Ground out 5-3 (Groundball, 5L)
|
Bottom of the 5th over - 1 run(s), 3 hit(s), 1 error(s), 3 left on base; Casper 1 - Athletic Club KC Academy 5 |
TOP OF THE 6TH |
Casper Ghosts batting - Pitching for Athletic Club KC Academy : LHP Xavier Navarro
|
Batting: SHB Erjan Kerstens
|
0-0: Ball 1-0: Ground out 4-3 (Groundball, 4)
|
Batting: RHB Anbrosio Oppenes
|
0-0: SINGLE (Line Drive, 7S)
|
Batting: LHB Jim Unknown
|
0-0: Grounds into double play, 1-6-3 (Groundball, 13)
|
Top of the 6th over - 0 run(s), 1 hit(s), 0 error(s), 0 left on base; Casper 1 - Athletic Club KC Academy 5 |
BOTTOM OF THE 6TH |
Athletic Club KC Academy batting - Pitching for Casper Ghosts : RHP Jim Unknown
|
Batting: RHB Iván Chacón
|
0-0: Fly out, F9 (Flyball, 89M)
|
Batting: SHB António Montés
|
0-0: Ground out U3 (Groundball, 3S)
|
Batting: LHB Manuel Domínguez
|
0-0: Foul Ball, location: 2F 0-1: Ball 1-1: Called Strike 1-2: Ball 2-2: Ball 3-2: Fly out, F5 (Popup, 5)
|
Bottom of the 6th over - 0 run(s), 0 hit(s), 0 error(s), 0 left on base; Casper 1 - Athletic Club KC Academy 5 |
TOP OF THE 7TH |
Casper Ghosts batting - Pitching for Athletic Club KC Academy : LHP Xavier Navarro
|
Batting: RHB Roberto De La Cruz
|
0-0: Ball 1-0: SINGLE (Line Drive, 34)
|
Batting: SHB Alonso Rodríguez
|
0-0: Ball 1-0: Fly out, F8 (Flyball, 8RD)
|
Pitching: RHP Alfonso Corona
|
|
Batting: LHB Kyle Mann
|
0-0: Ball 1-0: Foul Ball, location: 2F 1-1: Swinging Strike 1-2: Ball 2-2: Ball 3-2: Base on Balls Roberto De La Cruz to second
|
Batting: RHB Warner Robinson
|
0-0: DOUBLE (Line Drive, 9LS) Roberto De La Cruz scores Kyle Mann to third
|
Batting: RHB Félix Ramos
|
0-0: Fly out, F8 (Flyball, 8RM) Runner from 3rd tags up, SCORES, no throw
|
Batting: RHB Ron Coffman
|
0-0: Ball 1-0: Ball 2-0: Called Strike 2-1: Foul Ball, location: 2F 2-2: Ground out 6-3 (Groundball, 6)
|
Top of the 7th over - 2 run(s), 2 hit(s), 0 error(s), 1 left on base; Casper 3 - Athletic Club KC Academy 5 |
BOTTOM OF THE 7TH |
Athletic Club KC Academy batting - Pitching for Casper Ghosts : RHP Jim Unknown
|
Batting: RHB Geoff Rivers
|
0-0: Foul Ball, location: 2F 0-1: Ball 1-1: Ball 2-1: Foul Ball, location: 2F 2-2: Foul Ball, location: 2F Reached via error on a dropped throw, E3
|
Pitching: RHP Ethan Martin
|
|
Batting: SHB Fernando Luna
|
0-0: Ball 1-0: DOUBLE (Groundball, 3D) Geoff Rivers to third
|
Batting: RHB Maurice Quinn
|
0-0: Swinging Strike 0-1: Called Strike 0-2: SINGLE (Line Drive, 9S) Geoff Rivers scores Fernando Luna to third
|
Batting: RHB Allen Williams
|
0-0: Foul Ball, location: 2F 0-1: Foul Ball, location: 2F 0-2: Ball 1-2: Strikes out looking
|
Batting: RHB José Flores
|
0-0: Foul Ball, location: 2F 0-1: Called Strike 0-2: Foul Ball, location: 2F 0-2: Foul Ball, location: 2F 0-2: SINGLE (Line Drive, 7S) Fernando Luna scores Maurice Quinn to second
|
Batting: RHB Chris Teague
|
0-0: Called Strike 0-1: Ball 1-1: Swinging Strike 1-2: Grounds into double play, 5-4-3 (Groundball, 56)
|
Bottom of the 7th over - 2 run(s), 3 hit(s), 1 error(s), 1 left on base; Casper 3 - Athletic Club KC Academy 7 |
TOP OF THE 8TH |
Casper Ghosts batting - Pitching for Athletic Club KC Academy : RHP Alfonso Corona
|
Batting: SHB Erjan Kerstens
|
0-0: Ball 1-0: Ball 2-0: Ball 3-0: Called Strike 3-1: Base on Balls
|
Batting: RHB Anbrosio Oppenes
|
0-0: Ball 1-0: Ball 2-0: Foul Ball, location: 2F 2-1: Ball 3-1: Base on Balls Erjan Kerstens to second
|
Pitching: LHP Alonso Muñíz
|
|
Batting: LHB Jim Unknown
|
0-0: SINGLE (Line Drive, 4M) Erjan Kerstens to third Anbrosio Oppenes to second
|
Pitching: LHP Tim Risinger
|
|
Batting: RHB Roberto De La Cruz
|
0-0: Ground out 5-3 (Groundball, 56S) Erjan Kerstens scores Anbrosio Oppenes to third Jim Unknown to second
|
Pitching: RHP Carlos Acosta
|
|
Batting: SHB Alonso Rodríguez
|
0-0: Ball 1-0: Called Strike 1-1: Ball 2-1: Ball 3-1: Called Strike 3-2: Foul Ball, location: 2F 3-2: Ground out U3 (Groundball, 3)
|
Pitching: LHP Jeffrey Brown
|
|
Batting: LHB Kyle Mann
|
0-0: Ball 1-0: DOUBLE (Line Drive, 7D) Anbrosio Oppenes scores Jim Unknown scores
|
Pinch Hitting: RHB Freddy Carea
|
0-0: Ball 1-0: Called Strike 1-1: Swinging Strike 1-2: Ball 2-2: Foul Ball, location: 2F 2-2: Fly out, F7 (Flyball, 7D)
|
Top of the 8th over - 3 run(s), 2 hit(s), 0 error(s), 1 left on base; Casper 6 - Athletic Club KC Academy 7 |
BOTTOM OF THE 8TH |
Athletic Club KC Academy batting - Pitching for Casper Ghosts : RHP Ethan Martin
|
Now at SS: Israel Sanders
|
|
Batting: RHB Iván Chacón
|
0-0: Ball 1-0: Called Strike 1-1: SINGLE (Line Drive, 9S)
|
Batting: SHB António Montés
|
0-0: Ball 1-0: Sac Bunt - play at first, batter OUT! 5-4 Iván Chacón to second
|
Batting: LHB Manuel Domínguez
|
0-0: Fly out, F9 (Flyball, 89D) Runner from 2nd tags up, SAFE at 3rd, no throw
|
Batting: RHB Geoff Rivers
|
0-0: Called Strike 0-1: Ball Single, Error in OF, E8, batter to second base Iván Chacón scores
|
Batting: SHB Fernando Luna
|
0-0: Foul Ball, location: 2F 0-1: Foul Ball, location: 2F 0-2: Ball 1-2: Ground out 4-3 (Groundball, 34)
|
Bottom of the 8th over - 1 run(s), 2 hit(s), 1 error(s), 1 left on base; Casper 6 - Athletic Club KC Academy 8 |
TOP OF THE 9TH |
Casper Ghosts batting - Pitching for Athletic Club KC Academy : LHP Jeffrey Brown
|
Pitching: RHP Roland Allen
|
|
Now at SS: Ted Stephens
|
|
Batting: RHB Félix Ramos
|
0-0: Ground out 4-3 (Groundball, 4)
|
Batting: RHB Ron Coffman
|
0-0: Called Strike 0-1: Ball 1-1: SINGLE (Line Drive, 9LM)
|
Batting: SHB Erjan Kerstens
|
0-0: Ball 1-0: Called Strike 1-1: Foul Ball, location: 2F 1-2: Ball 2-2: Grounds into double play, 3-6-3 (Groundball, 3)
|
Top of the 9th over - 0 run(s), 1 hit(s), 0 error(s), 0 left on base; Casper 6 - Athletic Club KC Academy 8 |
|